 BcadrenCrawl: Boulder Brew version 0.06-240-gf756cca71e (webtiles) character file.

Game seed: 15757718375499366200, levelgen mode: deterministic

15 gruber the Chiller (level 2, -2/15 HPs) Deep Elf Ice Elementalist. Began on Aug 14, 2022. Shot with a sling bullet by a goblin (5 damage) ... on level 1 of the Dungeon. The game lasted 00:00:47 (252 turns).

gruber the Chiller (Deep Elf Ice Elementalist)       Turns: 252, Time: 00:00:48

Health: -2/15      AC:  2    Str:  5    XL:     2 ^: 19
Magic:  5/8        EV: 13    Int: 19    God:
Gold:   15         SH:  0    Dex: 15    Spells: 1/7 levels left

rFire    . . .     Slash    x   (no weapon)
rCold    . . .     Pierce   .   (no weapon)
rNeg     . . .     Bludgeon .   a - +0 robe
rCorr    . . .     Vision   .   (no helmet)
rPois    .         Gourm    .   (no cloak)
rElec    .         Faith    .   (no gloves)
MR       .....     Spirit   .   (no boots)
HPRegen  0.15/turn Reflect  .   (no amulet)
MPRegen  0.18/turn Harm     .   (no ring)
Stlth    ++........             (no ring)

@: no status effects
A: soft flesh
a: no special abilities


You were on level 1 of the Dungeon.
You were not hungry.

You visited 1 branch of the dungeon, and saw 1 of its levels.

You collected 15 gold pieces.

Inventory:

Armour
 a - a +0 robe (worn)
Potions
 b - a potion of lignification
Comestibles
 c - 2 rations


   Skills:
 - Level 2.4 Dodging
 - Level 2.4 Stealth
 - Level 3.0 Spellcasting
   Level 1.1 Summonings
 + Level 4.2 Ice Magic


You had one spell level left.
You knew the following spells:

 Your Spells              Type           Power        Failure   Level  Hunger
a - Freeze Ice 18 (25) 2% 1 0-3 b - Throw Frost Ice 18 (50) 4% 2 23-63 c - Ozocubu's Armour Chrm/Ice       10 (100)     19%         3    63-123

Your spell library contained the following spells:

 Spells                   Type           Power        Failure   Level  Hunger
 Hailstorm Ice 18 (100) 26% 4 143-243 Throw Icicle Ice 18 (100) 26% 4 143-243 Summon Ice Beast Ice/Summ       12 (100)     45%         4    143-243


Dungeon Overview and Level Annotations

Branches:
Dungeon (1/8)

Altars:


Innate Abilities, Weirdness & Mutations

Your soft flesh is weak to deep cuts.
Heavy manmade armour will nullify this weakness. (rSlashing-)


Message History

Confirm with . or Enter, or press ? or * to list all spells.
Aiming: Freeze (safe; 2% risk of failure)
Press: ? - help, Shift-Dir - straight line, f - bat
Aim: a bat (90%, 90% to-hit, healthy (3/3), 66% (Melee))
You freeze the bat (5).
You kill the bat!
The goblin shoots a sling bullet.
The sling bullet strikes you (7)!
* * * LOW HITPOINT WARNING * * *
The sling bullet ricochets!
The sling bullet strikes the goblin (6).
The goblin dies!
Casting: Freeze (safe; 2% risk of failure)
Confirm with . or Enter, or press ? or * to list all spells.
You can't see any susceptible monsters within range! (Use Z to cast anyway.) Unknown command.
Unknown command.
A goblin is nearby!
You are too injured to fight recklessly!
The goblin shoots a sling bullet.
The sling bullet strikes you (5).
You die...

##.........# ####.####
#.......##.# #.....#
#..##......####### #.###.##
#..##..###.#.....###.###..##
#.)#†..# #.#................
#..#...###....g...##.#.#.###
#.................# #.#..
####.#####........# # ###
#....††.†..@...#
#.##.##..#..##.# #
#.##..#†$# #.......... ##
####..##..... # #.
#..##.##.#.# #.#.### .......
.# # #...... ######.# .
##... .# . # #....


You could see a goblin.

Vanquished Creatures
  A dart slug (D:1)
  A hobgoblin (D:1)
  2 kobolds (D:1)
  3 bats (D:1)
  5 goblins (D:1)
12 creatures vanquished.

Vanquished Creatures (others)
  A goblin (D:1)
1 creature vanquished.

Grand Total: 13 creatures vanquished

Notes
Turn   | Place    | Note
-------+----------+-------------------------------------------
     0 | D:1      | gruber the Deep Elf Ice Elementalist began the quest for
                  | the Orb.
     0 | D:1      | Reached XP level 1. HP: 10/10 MP: 6/6
   212 | D:1      | Reached XP level 2. HP: 15/15 MP: 6/8
   217 | D:1      | Reached skill level 4 in Ice Magic
   221 | D:1      | Learned a level 2 spell: Throw Frost
   225 | D:1      | Learned a level 3 spell: Ozocubu's Armour
   252 | D:1      | Shot with a sling bullet by a goblin

Levels and vault maps discovered:
D:1:      minmay_arrival_five_plusses, layout_loops_cross, first_ration,
          minivault_27

Skill      XL: |  1  2 |
---------------+-------+-----
Ice Magic      | 4 |  4.2
Dodging        | |  2.4
Stealth        | |  2.4
Spellcasting   | |  3.0
Summonings     | |  1.1

Action                   || total
-------------------------++-------
 Cast: Freeze            ||    19
Armor: Robe              ||     3
Dodge: Dodged            ||     7
